[ PARTIDA AOE2 · #482846127 ]
UnrankedPolacos vs None
Equipo del jugador · DERR
Equipo rival · VICT
[ ANÁLISIS DE REPETICIÓN · EXTRAÍDO DE LA PARTIDA GRABADA ]
Feudal
34:17
Castillos
—
Imperial
—
| APM promedio | 5.3 |
| APM pico | 15 |
| eAPM promedio | 4.8 |
| Aldeanos / militares | 43 / 0 |
Foco
⚔️ 41.6% · 🌾 58.4%
Fishing Ship ×19 · Unknown (2626) ×5 · Unknown (838) ×1
Feudal
28:48
Castillos
—
Imperial
—
| APM promedio | 13.9 |
| APM pico | 47 |
| eAPM promedio | 10.8 |
| Aldeanos / militares | 76 / 0 |
Foco
⚔️ 10.0% · 🌾 90.0%
Fishing Ship ×53
Feudal
31:48
Castillos
—
Imperial
—
| APM promedio | 8.1 |
| APM pico | 41 |
| eAPM promedio | 7.2 |
| Aldeanos / militares | 103 / 0 |
Foco
⚔️ 19.4% · 🌾 80.6%
Feudal
—
Castillos
—
Imperial
—
| APM promedio | 11.7 |
| APM pico | 41 |
| eAPM promedio | 10.7 |
| Aldeanos / militares | 93 / 0 |
Foco
⚔️ 34.9% · 🌾 65.1%
Fishing Ship ×94 · Unknown (434) ×1
Feudal
49:58
Castillos
—
Imperial
—
| APM promedio | 14.0 |
| APM pico | 54 |
| eAPM promedio | 12.7 |
| Aldeanos / militares | 124 / 0 |
Foco
⚔️ 33.1% · 🌾 66.9%
Fishing Ship ×42
Feudal
37:33
Castillos
—
Imperial
—
| APM promedio | 8.3 |
| APM pico | 38 |
| eAPM promedio | 7.5 |
| Aldeanos / militares | 86 / 0 |
Foco
⚔️ 36.3% · 🌾 63.7%
Fishing Ship ×38
Feudal
39:32
Castillos
—
Imperial
—
| APM promedio | 10.7 |
| APM pico | 42 |
| eAPM promedio | 9.2 |
| Aldeanos / militares | 28 / 0 |
Foco
⚔️ 66.9% · 🌾 33.1%
Fishing Ship ×18
Feudal
38:41
Castillos
—
Imperial
—
| APM promedio | 18.9 |
| APM pico | 47 |
| eAPM promedio | 13.9 |
| Aldeanos / militares | 77 / 0 |
Foco
⚔️ 18.3% · 🌾 81.7%
Fishing Ship ×66
Mapa de la partida
Recursos iniciales + cada clic de construcción. Líneas = muros · curvas = relieve. ◆ oro · ⬟ piedra · ● bayas · ✦ reliquia · ◌ hueco del cierre
Tu base· Abierta — flanco sin cerrar
Base de AncientLocky· Abierta — flanco sin cerrar
Base de notfound· Abierta — hueco de 8t
Base de GDPEPCPMXIST· Abierta — flanco sin cerrar
Base de 啥也不是· Abierta — flanco sin cerrar
Base de Gustavo Fring· Abierta — flanco sin cerrar
Base de 阿罵比你卡勞~· Abierta — flanco sin cerrar
Base de 我是萌新· Abierta — flanco sin cerrar
Terreno inicial suavizado · ◌ = hueco del cierre detectado · pasá el cursor para detalles
Inputs por minuto
— ArfGran - - AncientLocky
Build order — ArfGran
Primeras 150 de 238 acciones detectadas
| 0:20 | Construir | Blacksmith |
| 0:22 | Crear | Villager (Male) |
| 0:22 | Crear | Villager (Male) |
| 0:23 | Crear | Villager (Male) |
| 0:57 | Construir | Barracks |
| 0:59 | Construir | Barracks |
| 1:00 | Construir | Barracks |
| 1:02 | Construir | Barracks |
| 1:04 | Construir | Barracks |
| 1:13 | Construir | Siege Workshop |
| 1:15 | Construir | Siege Workshop |
| 1:16 | Construir | Siege Workshop |
| 1:17 | Construir | Siege Workshop |
| 1:19 | Construir | Siege Workshop |
| 1:40 | Crear | Villager (Male) |
| 1:41 | Crear | Villager (Male) |
| 2:15 | Investigar | Chain Mail Armor |
| 3:05 | Construir | Castle |
| 3:07 | Construir | Castle |
| 3:09 | Construir | Castle |
| 4:11 | Crear | Villager (Male) |
| 4:36 | Construir | Barracks |
| 4:38 | Construir | Barracks |
| 6:00 | Crear | Villager (Male) |
| 6:01 | Crear | Villager (Male) |
| 7:02 | Investigar | Squires |
| 7:27 | Construir | Farm |
| 7:28 | Construir | Farm |
| 7:30 | Construir | Farm |
| 7:32 | Construir | Farm |
| 7:36 | Construir | Farm |
| 7:38 | Crear | Villager (Male) |
| 7:39 | Crear | Villager (Male) |
| 8:13 | Construir | Lumber Camp |
| 8:53 | Construir | Stable |
| 8:56 | Construir | Stable |
| 8:57 | Construir | Stable |
| 8:59 | Construir | Stable |
| 9:00 | Construir | Stable |
| 9:19 | Investigar | Bloodlines |
| 10:07 | Construir | Stable |
| 10:14 | Crear | Villager (Male) |
| 10:59 | Construir | Stable |
| 11:00 | Construir | Stable |
| 11:02 | Construir | Stable |
| 11:03 | Construir | Stable |
| 11:07 | Construir | Farm |
| 12:39 | Construir | Stable |
| 12:40 | Construir | Stable |
| 12:44 | Crear | Villager (Male) |
| 13:22 | Construir | Farm |
| 13:26 | Crear | Villager (Male) |
| 13:37 | Construir | Stable |
| 14:08 | Construir | Archery Range |
| 14:09 | Construir | Archery Range |
| 14:10 | Construir | Archery Range |
| 14:12 | Construir | Archery Range |
| 14:32 | Investigar | Gold Shaft Mining |
| 15:15 | Construir | Stable |
| 15:19 | Construir | Stable |
| 15:26 | Crear | Villager (Male) |
| 15:26 | Crear | Villager (Male) |
| 15:39 | Construir | Farm |
| 16:12 | Investigar | Chain Barding Armor |
| 16:21 | Construir | Stable |
| 16:24 | Construir | Stable |
| 16:39 | Construir | Archery Range |
| 16:40 | Construir | Archery Range |
| 17:23 | Crear | Villager (Male) |
| 18:19 | Investigar | Tech 19 |
| 18:27 | Investigar | Squires |
| 19:10 | Construir | Stable |
| 19:12 | Construir | Stable |
| 19:13 | Construir | Stable |
| 19:22 | Construir | Farm |
| 19:53 | Construir | Farm |
| 19:56 | Crear | Villager (Male) |
| 20:29 | Investigar | Husbandry |
| 21:02 | Construir | Stable |
| 21:05 | Construir | Stable |
| 21:40 | Investigar | Iron Casting |
| 21:48 | Construir | Blacksmith |
| 21:49 | Construir | Blacksmith |
| 21:51 | Construir | Blacksmith |
| 23:06 | Construir | Stable |
| 23:08 | Construir | Stable |
| 23:29 | Investigar | Hand Cart |
| 24:09 | Construir | Archery Range |
| 24:10 | Construir | Archery Range |
| 24:13 | Construir | Archery Range |
| 24:20 | Crear | Villager (Male) |
| 25:00 | Construir | Archery Range |
| 25:01 | Construir | Archery Range |
| 25:04 | Construir | Archery Range |
| 25:07 | Construir | Archery Range |
| 25:09 | Construir | Archery Range |
| 25:11 | Construir | Archery Range |
| 25:16 | Crear | Villager (Male) |
| 25:48 | Construir | Blacksmith |
| 25:49 | Construir | Blacksmith |
| 25:52 | Construir | Blacksmith |
| 26:00 | Construir | Farm |
| 26:03 | Crear | Villager (Male) |
| 26:50 | Construir | Farm |
| 27:04 | Construir | Archery Range |
| 27:05 | Construir | Archery Range |
| 27:50 | Crear | Unit 838 |
| 29:13 | Construir | Stable |
| 29:14 | Construir | Stable |
| 29:16 | Construir | Stable |
| 29:19 | Construir | Stable |
| 29:20 | Construir | Stable |
| 29:40 | Crear | Villager (Male) |
| 29:41 | Crear | Villager (Male) |
| 30:13 | Construir | Archery Range |
| 30:14 | Construir | Archery Range |
| 30:16 | Construir | Archery Range |
| 30:18 | Construir | Archery Range |
| 30:19 | Construir | Archery Range |
| 30:21 | Construir | Archery Range |
| 30:22 | Construir | Archery Range |
| 30:24 | Construir | Archery Range |
| 30:25 | Construir | Archery Range |
| 31:07 | Investigar | Imperial Age |
| 31:28 | Construir | Dock |
| 31:31 | Construir | Dock |
| 31:32 | Construir | Dock |
| 32:32 | Construir | Castle |
| 32:34 | Construir | Castle |
| 32:57 | Construir | Dock |
| 33:22 | Investigar | Bodkin Arrow |
| 33:23 | Investigar | Leather Archer Armor |
| 33:44 | Construir | Dock |
| 33:57 | Construir | Dock |
| 33:59 | Construir | Dock |
| 34:15 | Construir | Archery Range |
| 34:17 | Construir | Archery Range |
| 34:17 | Edad | Edad Feudal |
| 34:20 | Construir | Archery Range |
| 34:37 | Construir | Farm |
| 34:46 | Crear | Villager (Male) |
| 34:46 | Crear | Villager (Male) |
| 34:46 | Crear | Villager (Male) |
| 34:56 | Investigar | Bow Saw |
| 36:31 | Investigar | Gillnets |
| 36:32 | Crear | Fishing Ship |
| 36:41 | Crear | Unit 2626 ×5 |
| 36:50 | Investigar | Light Cavalry (upgrade) |
| 38:49 | Construir | Farm |
| 38:50 | Construir | Farm |
Build order — AncientLocky
Primeras 150 de 397 acciones detectadas
| 0:06 | Crear | Villager (Male) |
| 0:07 | Crear | Villager (Male) |
| 0:07 | Crear | Villager (Male) |
| 0:07 | Crear | Villager (Male) |
| 0:11 | Construir | Mill |
| 0:33 | Construir | Castle |
| 0:33 | Construir | Castle |
| 0:39 | Construir | Building 190 |
| 0:40 | Construir | Building 190 |
| 0:50 | Construir | Barracks |
| 0:54 | Construir | Blacksmith |
| 0:59 | Construir | Mining Camp |
| 0:59 | Construir | Mining Camp |
| 0:59 | Construir | Mining Camp |
| 1:00 | Construir | Mining Camp |
| 1:00 | Construir | Mining Camp |
| 1:00 | Construir | Mining Camp |
| 1:01 | Construir | Mining Camp |
| 1:01 | Construir | Mining Camp |
| 1:24 | Crear | Villager (Male) |
| 1:25 | Crear | Villager (Male) |
| 2:36 | Crear | Villager (Male) |
| 2:37 | Crear | Villager (Male) |
| 3:25 | Crear | Villager (Male) |
| 3:46 | Investigar | Pikeman (upgrade) |
| 4:01 | Construir | Mining Camp |
| 4:02 | Construir | Mining Camp |
| 4:02 | Construir | Mining Camp |
| 4:02 | Construir | Mining Camp |
| 4:03 | Construir | Mining Camp |
| 4:03 | Construir | Mining Camp |
| 4:03 | Construir | Mining Camp |
| 4:04 | Construir | Mining Camp |
| 4:04 | Construir | Mining Camp |
| 4:05 | Construir | Mining Camp |
| 4:17 | Construir | Mining Camp |
| 4:18 | Construir | Mining Camp |
| 4:18 | Construir | Mining Camp |
| 4:18 | Construir | Mining Camp |
| 4:19 | Construir | Mining Camp |
| 4:19 | Construir | Mining Camp |
| 4:19 | Construir | Mining Camp |
| 4:20 | Construir | Mining Camp |
| 4:20 | Construir | Mining Camp |
| 4:22 | Crear | Villager (Male) |
| 6:00 | Construir | Building 190 |
| 6:20 | Construir | Mining Camp |
| 6:20 | Construir | Mining Camp |
| 6:21 | Construir | Mining Camp |
| 6:21 | Construir | Mining Camp |
| 8:05 | Crear | Villager (Male) |
| 8:06 | Crear | Villager (Male) |
| 8:06 | Crear | Villager (Male) |
| 8:27 | Construir | University |
| 9:09 | Investigar | Murder Holes |
| 9:10 | Investigar | Treadmill Crane |
| 9:17 | Construir | Mining Camp |
| 9:17 | Construir | Mining Camp |
| 9:17 | Construir | Mining Camp |
| 9:18 | Construir | Mining Camp |
| 9:18 | Construir | Mining Camp |
| 9:18 | Construir | Mining Camp |
| 9:19 | Construir | Mining Camp |
| 9:19 | Construir | Mining Camp |
| 9:19 | Construir | Mining Camp |
| 9:20 | Crear | Villager (Male) |
| 9:21 | Crear | Villager (Male) |
| 9:21 | Crear | Villager (Male) |
| 9:21 | Crear | Villager (Male) |
| 9:22 | Crear | Villager (Male) |
| 9:30 | Construir | Lumber Camp |
| 10:11 | Investigar | Masonry |
| 10:16 | Crear | Villager (Male) |
| 10:17 | Crear | Villager (Male) |
| 10:37 | Construir | Lumber Camp |
| 10:54 | Construir | Lumber Camp |
| 10:55 | Crear | Villager (Male) |
| 11:30 | Construir | Lumber Camp |
| 11:36 | Construir | Dock |
| 11:42 | Construir | Dock |
| 12:17 | Construir | Dock |
| 12:27 | Construir | Farm |
| 12:28 | Construir | Farm |
| 12:33 | Investigar | Hand Cart |
| 12:34 | Crear | Fishing Ship |
| 12:35 | Crear | Fishing Ship |
| 12:35 | Crear | Fishing Ship |
| 12:35 | Crear | Fishing Ship |
| 12:48 | Crear | Fishing Ship |
| 12:51 | Crear | Villager (Male) |
| 12:51 | Crear | Villager (Male) |
| 12:52 | Crear | Villager (Male) |
| 12:58 | Construir | Lumber Camp |
| 13:07 | Construir | Lumber Camp |
| 13:14 | Crear | Fishing Ship |
| 13:22 | Construir | Fish Trap |
| 13:24 | Crear | Fishing Ship |
| 13:24 | Crear | Fishing Ship |
| 13:43 | Construir | Fish Trap |
| 13:50 | Investigar | Gillnets |
| 13:58 | Construir | Fish Trap |
| 14:00 | Crear | Fishing Ship |
| 14:00 | Crear | Fishing Ship |
| 14:01 | Crear | Fishing Ship |
| 14:08 | Investigar | Bow Saw |
| 14:14 | Construir | Fish Trap |
| 14:18 | Construir | Fish Trap |
| 14:40 | Crear | Fishing Ship |
| 15:01 | Construir | Fish Trap |
| 15:11 | Crear | Fishing Ship |
| 15:36 | Construir | Fish Trap |
| 15:45 | Crear | Fishing Ship |
| 15:45 | Crear | Fishing Ship |
| 15:56 | Construir | Fish Trap |
| 16:00 | Crear | Villager (Male) |
| 16:00 | Crear | Villager (Male) |
| 16:08 | Crear | Fishing Ship |
| 16:17 | Crear | Fishing Ship |
| 16:28 | Construir | Fish Trap |
| 16:47 | Crear | Fishing Ship |
| 16:53 | Crear | Fishing Ship |
| 16:54 | Crear | Fishing Ship |
| 16:59 | Construir | Fish Trap |
| 17:03 | Construir | Fish Trap |
| 17:06 | Crear | Villager (Male) |
| 17:07 | Crear | Villager (Male) |
| 17:28 | Construir | Mill |
| 17:36 | Construir | Fish Trap |
| 17:38 | Construir | Fish Trap |
| 17:50 | Crear | Fishing Ship |
| 17:51 | Crear | Fishing Ship |
| 18:08 | Crear | Fishing Ship |
| 18:15 | Investigar | Burgundian Vineyards |
| 18:17 | Crear | Fishing Ship |
| 18:27 | Investigar | Heavy Plow |
| 18:46 | Construir | Fish Trap |
| 19:00 | Crear | Fishing Ship |
| 19:06 | Construir | Fish Trap |
| 19:34 | Crear | Fishing Ship |
| 19:44 | Construir | Fish Trap |
| 19:51 | Construir | Fish Trap |
| 19:54 | Crear | Villager (Male) |
| 20:00 | Crear | Fishing Ship |
| 20:01 | Crear | Fishing Ship |
| 20:07 | Crear | Fishing Ship |
| 20:31 | Construir | Fish Trap |
| 20:32 | Crear | Fishing Ship |
| 20:32 | Crear | Fishing Ship |
| 20:46 | Construir | Fish Trap |
| 20:57 | Construir | Mining Camp |
Build order — notfound
Primeras 150 de 288 acciones detectadas
| 0:07 | Crear | Villager (Male) |
| 0:11 | Crear | Villager (Male) |
| 0:11 | Crear | Villager (Male) |
| 0:18 | Construir | Mill |
| 0:33 | Construir | House |
| 0:35 | Construir | House |
| 0:35 | Construir | House |
| 0:36 | Construir | House |
| 0:36 | Construir | House |
| 0:37 | Construir | House |
| 0:37 | Construir | House |
| 0:37 | Construir | House |
| 0:38 | Construir | House |
| 0:38 | Construir | House |
| 0:38 | Construir | House |
| 0:39 | Construir | House |
| 0:39 | Construir | House |
| 0:39 | Construir | House |
| 0:40 | Construir | House |
| 0:40 | Construir | House |
| 0:41 | Construir | House |
| 1:01 | Construir | Lumber Camp |
| 1:05 | Crear | Villager (Male) |
| 1:10 | Crear | Villager (Male) |
| 1:10 | Crear | Villager (Male) |
| 1:11 | Crear | Villager (Male) |
| 1:56 | Construir | House |
| 2:20 | Crear | Villager (Male) |
| 2:20 | Crear | Villager (Male) |
| 3:52 | Crear | Villager (Male) |
| 3:53 | Crear | Villager (Male) |
| 3:58 | Construir | House |
| 3:58 | Construir | House |
| 3:58 | Construir | House |
| 3:59 | Construir | House |
| 3:59 | Construir | House |
| 3:59 | Construir | House |
| 4:00 | Construir | House |
| 4:01 | Crear | Villager (Male) |
| 4:36 | Construir | House |
| 4:36 | Construir | House |
| 4:37 | Construir | House |
| 4:37 | Construir | House |
| 4:37 | Construir | House |
| 4:38 | Construir | House |
| 4:38 | Construir | House |
| 4:54 | Construir | Lumber Camp |
| 5:05 | Crear | Villager (Male) |
| 5:05 | Crear | Villager (Male) |
| 5:46 | Investigar | Bow Saw |
| 6:20 | Construir | House |
| 6:21 | Construir | House |
| 6:21 | Construir | House |
| 6:21 | Construir | House |
| 6:49 | Investigar | Heavy Plow |
| 7:32 | Construir | House |
| 7:39 | Construir | Lumber Camp |
| 8:10 | Crear | Villager (Male) |
| 8:10 | Crear | Villager (Male) |
| 8:33 | Construir | University |
| 8:35 | Construir | Blacksmith |
| 8:56 | Crear | Villager (Male) |
| 9:33 | Construir | House |
| 9:34 | Construir | House |
| 9:34 | Construir | House |
| 9:34 | Construir | House |
| 9:35 | Construir | House |
| 9:35 | Construir | House |
| 9:37 | Crear | Villager (Male) |
| 9:37 | Crear | Villager (Male) |
| 9:44 | Investigar | Murder Holes |
| 10:28 | Investigar | Hand Cart |
| 10:29 | Investigar | Gold Shaft Mining |
| 10:33 | Investigar | Paper Money |
| 10:34 | Investigar | Paper Money |
| 11:14 | Construir | Farm |
| 11:15 | Construir | Farm |
| 11:16 | Construir | Farm |
| 11:17 | Construir | Farm |
| 11:18 | Construir | Farm |
| 11:22 | Construir | Farm |
| 11:24 | Construir | Farm |
| 11:24 | Construir | Farm |
| 11:25 | Construir | Farm |
| 11:27 | Construir | Farm |
| 11:38 | Construir | Farm |
| 11:39 | Construir | Farm |
| 11:40 | Construir | Farm |
| 11:58 | Investigar | Ballistics |
| 12:30 | Construir | Mill |
| 12:33 | Construir | Mill |
| 12:44 | Investigar | Town Patrol |
| 13:00 | Construir | Farm |
| 13:01 | Construir | Farm |
| 13:04 | Construir | Farm |
| 13:05 | Construir | Farm |
| 13:06 | Construir | Farm |
| 13:07 | Construir | Farm |
| 13:10 | Construir | Farm |
| 13:11 | Construir | Farm |
| 13:12 | Construir | Farm |
| 13:18 | Crear | Villager (Male) ×5 |
| 13:19 | Crear | Villager (Male) ×2 |
| 13:19 | Crear | Villager (Male) ×2 |
| 14:16 | Construir | Farm |
| 14:26 | Crear | Villager (Male) ×2 |
| 15:58 | Construir | Farm |
| 15:59 | Construir | Farm |
| 16:01 | Construir | Farm |
| 16:02 | Construir | Farm |
| 16:03 | Construir | Farm |
| 16:05 | Construir | Farm |
| 16:06 | Construir | Mill |
| 19:00 | Construir | Castle |
| 26:52 | Construir | Building 1219 |
| 28:12 | Construir | Farm |
| 28:13 | Construir | Farm |
| 28:14 | Construir | Farm |
| 28:14 | Construir | Farm |
| 28:15 | Construir | Farm |
| 28:16 | Construir | Farm |
| 28:16 | Construir | Farm |
| 28:38 | Investigar | Imperial Age |
| 29:47 | Construir | Farm |
| 29:52 | Construir | Farm |
| 29:53 | Construir | Farm |
| 31:27 | Construir | Siege Workshop |
| 31:37 | Construir | Farm |
| 31:38 | Construir | Farm |
| 31:39 | Construir | Farm |
| 31:43 | Construir | Lumber Camp |
| 31:45 | Construir | Lumber Camp |
| 31:47 | Construir | Lumber Camp |
| 31:48 | Edad | Edad Feudal |
| 31:54 | Construir | Farm |
| 31:55 | Construir | Farm |
| 31:59 | Construir | Farm |
| 32:00 | Construir | Farm |
| 32:01 | Construir | Farm |
| 32:12 | Construir | Farm |
| 32:14 | Construir | Farm |
| 32:15 | Construir | Farm |
| 32:16 | Construir | Farm |
| 32:33 | Crear | Villager (Male) ×5 |
| 32:34 | Crear | Villager (Male) ×5 |
| 32:34 | Crear | Villager (Male) ×5 |
| 32:34 | Crear | Villager (Male) ×5 |
| 32:35 | Crear | Villager (Male) ×5 |
| 32:35 | Crear | Villager (Male) ×5 |
| 32:35 | Crear | Villager (Male) ×5 |
Build order — GDPEPCPMXIST
Primeras 150 de 556 acciones detectadas
| 0:26 | Crear | Villager (Male) ×5 |
| 0:27 | Crear | Villager (Male) ×5 |
| 1:22 | Construir | Castle |
| 1:29 | Construir | Building 190 |
| 2:16 | Crear | Villager (Male) |
| 2:16 | Crear | Villager (Male) |
| 3:04 | Construir | University |
| 3:07 | Construir | Blacksmith |
| 3:19 | Construir | Castle |
| 3:28 | Crear | Villager (Male) |
| 3:29 | Crear | Villager (Male) |
| 3:42 | Construir | House |
| 3:42 | Construir | House |
| 3:42 | Construir | House |
| 3:43 | Construir | House |
| 3:43 | Construir | House |
| 3:43 | Construir | House |
| 3:44 | Construir | House |
| 3:44 | Construir | House |
| 3:44 | Construir | House |
| 3:44 | Construir | House |
| 3:45 | Construir | House |
| 3:45 | Construir | House |
| 3:45 | Construir | House |
| 3:46 | Construir | House |
| 3:48 | Crear | Villager (Male) |
| 3:48 | Crear | Villager (Male) |
| 4:30 | Construir | House |
| 4:31 | Construir | House |
| 4:31 | Construir | House |
| 4:31 | Construir | House |
| 4:32 | Construir | House |
| 4:36 | Crear | Villager (Male) |
| 4:37 | Crear | Villager (Male) |
| 4:42 | Investigar | Treadmill Crane |
| 4:43 | Investigar | Murder Holes |
| 4:48 | Crear | Villager (Male) |
| 4:48 | Crear | Villager (Male) |
| 5:48 | Construir | Lumber Camp |
| 6:14 | Crear | Villager (Male) |
| 6:14 | Crear | Villager (Male) |
| 6:14 | Crear | Villager (Male) |
| 6:31 | Investigar | Bow Saw |
| 6:46 | Construir | Lumber Camp |
| 7:18 | Construir | Lumber Camp |
| 7:21 | Crear | Villager (Male) |
| 7:21 | Crear | Villager (Male) |
| 7:41 | Crear | Villager (Male) |
| 7:42 | Crear | Villager (Male) |
| 8:30 | Crear | Villager (Male) |
| 8:30 | Crear | Villager (Male) |
| 8:34 | Construir | House |
| 8:35 | Construir | House |
| 8:35 | Construir | House |
| 8:35 | Construir | House |
| 8:36 | Construir | House |
| 9:19 | Construir | Farm |
| 9:20 | Construir | Farm |
| 9:20 | Construir | Farm |
| 9:20 | Construir | Farm |
| 9:21 | Construir | Farm |
| 9:21 | Construir | Farm |
| 9:22 | Construir | Farm |
| 9:27 | Crear | Villager (Male) |
| 9:28 | Crear | Villager (Male) |
| 9:28 | Crear | Villager (Male) |
| 9:41 | Construir | House |
| 9:41 | Construir | House |
| 9:57 | Crear | Villager (Male) |
| 9:57 | Crear | Villager (Male) |
| 10:06 | Construir | House |
| 10:06 | Construir | House |
| 10:17 | Crear | Villager (Male) |
| 10:18 | Crear | Villager (Male) |
| 10:40 | Construir | Castle |
| 10:40 | Construir | Castle |
| 10:42 | Construir | Castle |
| 10:43 | Construir | Castle |
| 10:46 | Crear | Villager (Male) |
| 10:46 | Crear | Villager (Male) |
| 11:08 | Construir | Mill |
| 11:10 | Construir | Mill |
| 11:40 | Construir | Mill |
| 11:49 | Construir | Farm |
| 11:50 | Construir | Farm |
| 11:52 | Construir | Farm |
| 11:53 | Construir | Farm |
| 11:55 | Construir | Farm |
| 11:57 | Construir | Farm |
| 11:58 | Construir | Farm |
| 12:01 | Construir | Farm |
| 12:04 | Construir | Farm |
| 12:05 | Construir | Farm |
| 12:06 | Construir | Farm |
| 12:11 | Construir | Farm |
| 12:12 | Construir | Farm |
| 12:14 | Construir | Farm |
| 12:16 | Construir | Farm |
| 12:17 | Construir | Farm |
| 12:18 | Construir | Farm |
| 12:20 | Construir | Farm |
| 12:22 | Construir | Farm |
| 12:25 | Construir | Farm |
| 12:27 | Crear | Villager (Male) ×2 |
| 12:27 | Crear | Villager (Male) ×2 |
| 12:41 | Crear | Villager (Male) |
| 12:41 | Crear | Villager (Male) |
| 12:59 | Crear | Villager (Male) |
| 13:10 | Construir | Farm |
| 13:45 | Construir | Farm |
| 13:53 | Construir | Castle |
| 13:54 | Construir | Castle |
| 13:55 | Construir | Castle |
| 13:56 | Construir | Castle |
| 13:57 | Construir | Castle |
| 16:36 | Construir | Monastery |
| 16:37 | Construir | Monastery |
| 16:39 | Construir | Monastery |
| 16:41 | Construir | Monastery |
| 16:43 | Construir | Monastery |
| 19:12 | Construir | Castle |
| 19:13 | Construir | Castle |
| 19:14 | Construir | Castle |
| 19:15 | Construir | Castle |
| 19:15 | Construir | Castle |
| 19:16 | Construir | Castle |
| 19:17 | Construir | Castle |
| 19:18 | Construir | Castle |
| 19:18 | Construir | Castle |
| 20:15 | Crear | Villager (Male) ×5 |
| 20:16 | Crear | Villager (Male) ×5 |
| 20:16 | Crear | Villager (Male) ×5 |
| 20:16 | Crear | Villager (Male) ×5 |
| 20:17 | Crear | Villager (Male) ×4 |
| 20:25 | Construir | Mining Camp |
| 20:28 | Crear | Villager (Male) |
| 20:28 | Crear | Villager (Male) |
| 20:29 | Crear | Villager (Male) |
| 20:52 | Crear | Villager (Male) |
| 20:52 | Crear | Villager (Male) |
| 21:11 | Construir | Mining Camp |
| 21:29 | Crear | Villager (Male) |
| 21:30 | Crear | Villager (Male) |
| 21:54 | Crear | Villager (Male) |
| 21:54 | Crear | Villager (Male) |
| 22:31 | Crear | Villager (Male) |
| 22:31 | Crear | Villager (Male) |
| 22:52 | Construir | Castle |
| 22:53 | Construir | Castle |
| 23:31 | Construir | Farm |
Build order — 啥也不是
Primeras 150 de 570 acciones detectadas
| 0:11 | Crear | Villager (Male) ×5 |
| 0:11 | Crear | Villager (Male) ×5 |
| 0:15 | Construir | Mill |
| 0:30 | Construir | University |
| 0:38 | Construir | Blacksmith |
| 0:41 | Construir | Castle |
| 1:23 | Crear | Villager (Male) |
| 1:23 | Crear | Villager (Male) |
| 2:01 | Crear | Villager (Male) |
| 2:02 | Crear | Villager (Male) |
| 2:13 | Construir | Barracks |
| 2:58 | Crear | Villager (Male) |
| 2:59 | Crear | Villager (Male) |
| 3:23 | Construir | Castle |
| 3:31 | Construir | Castle |
| 3:32 | Construir | Castle |
| 3:34 | Crear | Villager (Male) |
| 3:35 | Crear | Villager (Male) |
| 4:12 | Construir | Castle |
| 4:14 | Construir | Castle |
| 4:15 | Construir | Castle |
| 4:17 | Construir | Castle |
| 4:19 | Crear | Villager (Male) |
| 4:19 | Crear | Villager (Male) |
| 4:36 | Investigar | Treadmill Crane |
| 5:17 | Crear | Villager (Male) |
| 5:34 | Crear | Villager (Male) |
| 6:13 | Construir | Archery Range |
| 6:15 | Crear | Villager (Male) |
| 6:15 | Crear | Villager (Male) |
| 6:27 | Crear | Villager (Male) |
| 6:27 | Crear | Villager (Male) |
| 6:58 | Investigar | Ballistics |
| 7:00 | Investigar | Murder Holes |
| 7:04 | Investigar | Bodkin Arrow |
| 7:22 | Construir | Lumber Camp |
| 7:22 | Construir | Lumber Camp |
| 7:22 | Construir | Lumber Camp |
| 7:23 | Construir | Lumber Camp |
| 7:23 | Construir | Lumber Camp |
| 7:23 | Construir | Lumber Camp |
| 7:23 | Construir | Lumber Camp |
| 7:24 | Construir | Lumber Camp |
| 7:24 | Construir | Lumber Camp |
| 7:24 | Construir | Lumber Camp |
| 7:26 | Crear | Villager (Male) |
| 7:26 | Crear | Villager (Male) |
| 7:53 | Crear | Villager (Male) |
| 7:53 | Crear | Villager (Male) |
| 8:06 | Construir | Lumber Camp |
| 8:07 | Construir | Lumber Camp |
| 8:07 | Construir | Lumber Camp |
| 8:50 | Construir | Lumber Camp |
| 8:54 | Construir | Lumber Camp |
| 8:57 | Construir | Lumber Camp |
| 9:23 | Crear | Villager (Male) |
| 9:23 | Crear | Villager (Male) |
| 9:54 | Construir | Lumber Camp |
| 9:55 | Crear | Villager (Male) |
| 9:56 | Crear | Villager (Male) |
| 10:19 | Construir | Lumber Camp |
| 10:23 | Construir | Lumber Camp |
| 10:38 | Construir | Lumber Camp |
| 10:38 | Construir | Lumber Camp |
| 10:39 | Construir | Lumber Camp |
| 10:39 | Construir | Lumber Camp |
| 10:39 | Construir | Lumber Camp |
| 10:40 | Construir | Lumber Camp |
| 10:40 | Construir | Lumber Camp |
| 10:40 | Construir | Lumber Camp |
| 10:41 | Construir | Lumber Camp |
| 10:41 | Construir | Lumber Camp |
| 10:41 | Construir | Lumber Camp |
| 10:41 | Construir | Lumber Camp |
| 10:42 | Construir | Lumber Camp |
| 10:42 | Construir | Lumber Camp |
| 10:42 | Construir | Lumber Camp |
| 10:43 | Construir | Lumber Camp |
| 10:43 | Construir | Lumber Camp |
| 10:43 | Construir | Lumber Camp |
| 10:43 | Construir | Lumber Camp |
| 10:44 | Construir | Lumber Camp |
| 11:14 | Investigar | Bow Saw |
| 11:14 | Investigar | Bow Saw |
| 11:48 | Investigar | Elite Skirmisher (upgrade) |
| 12:07 | Construir | Lumber Camp |
| 12:09 | Construir | Lumber Camp |
| 12:10 | Construir | Lumber Camp |
| 12:10 | Construir | Lumber Camp |
| 12:10 | Construir | Lumber Camp |
| 12:10 | Construir | Lumber Camp |
| 12:11 | Construir | Lumber Camp |
| 12:11 | Construir | Lumber Camp |
| 12:11 | Construir | Lumber Camp |
| 12:12 | Construir | Lumber Camp |
| 12:12 | Construir | Lumber Camp |
| 12:12 | Construir | Lumber Camp |
| 12:12 | Construir | Lumber Camp |
| 12:13 | Construir | Lumber Camp |
| 12:13 | Construir | Lumber Camp |
| 12:13 | Construir | Lumber Camp |
| 12:14 | Construir | Lumber Camp |
| 12:14 | Construir | Lumber Camp |
| 12:14 | Construir | Lumber Camp |
| 12:14 | Construir | Lumber Camp |
| 12:15 | Construir | Lumber Camp |
| 12:15 | Construir | Lumber Camp |
| 12:15 | Construir | Lumber Camp |
| 12:16 | Construir | Lumber Camp |
| 12:16 | Construir | Lumber Camp |
| 12:16 | Construir | Lumber Camp |
| 12:17 | Construir | Lumber Camp |
| 12:44 | Crear | Villager (Male) |
| 12:44 | Crear | Villager (Male) |
| 13:11 | Construir | Lumber Camp |
| 13:11 | Construir | Lumber Camp |
| 13:11 | Construir | Lumber Camp |
| 13:12 | Construir | Lumber Camp |
| 13:12 | Construir | Lumber Camp |
| 13:12 | Construir | Lumber Camp |
| 13:13 | Construir | Lumber Camp |
| 13:13 | Construir | Lumber Camp |
| 13:13 | Construir | Lumber Camp |
| 13:13 | Construir | Lumber Camp |
| 13:14 | Construir | Lumber Camp |
| 13:34 | Construir | Building 1097 |
| 14:41 | Construir | Lumber Camp |
| 14:41 | Construir | Lumber Camp |
| 14:41 | Construir | Lumber Camp |
| 14:42 | Construir | Lumber Camp |
| 14:42 | Construir | Lumber Camp |
| 14:42 | Construir | Lumber Camp |
| 14:42 | Construir | Lumber Camp |
| 14:43 | Construir | Lumber Camp |
| 14:43 | Construir | Lumber Camp |
| 14:43 | Construir | Lumber Camp |
| 14:44 | Construir | Lumber Camp |
| 14:44 | Construir | Lumber Camp |
| 14:44 | Construir | Lumber Camp |
| 14:44 | Construir | Lumber Camp |
| 14:45 | Construir | Lumber Camp |
| 14:45 | Construir | Lumber Camp |
| 14:45 | Construir | Lumber Camp |
| 14:46 | Construir | Lumber Camp |
| 14:46 | Construir | Lumber Camp |
| 14:46 | Construir | Lumber Camp |
| 14:46 | Construir | Lumber Camp |
| 14:47 | Construir | Lumber Camp |
| 16:22 | Crear | Villager (Male) |
| 16:23 | Crear | Villager (Male) |
Build order — Gustavo Fring
Primeras 150 de 343 acciones detectadas
| 0:37 | Crear | Villager (Male) ×5 |
| 0:37 | Crear | Villager (Male) ×5 |
| 0:37 | Crear | Villager (Male) ×3 |
| 1:18 | Construir | Mining Camp |
| 1:24 | Construir | Barracks |
| 1:30 | Construir | Mining Camp |
| 1:30 | Construir | Mining Camp |
| 1:31 | Construir | Mining Camp |
| 1:32 | Construir | Mining Camp |
| 1:33 | Construir | Mining Camp |
| 1:34 | Construir | Mining Camp |
| 1:35 | Construir | Mining Camp |
| 1:35 | Construir | Mining Camp |
| 1:36 | Construir | Mining Camp |
| 1:37 | Construir | Mining Camp |
| 1:37 | Construir | Mining Camp |
| 1:38 | Construir | Mining Camp |
| 3:01 | Construir | Lumber Camp |
| 3:07 | Construir | Lumber Camp |
| 3:07 | Construir | Lumber Camp |
| 3:08 | Construir | Lumber Camp |
| 3:09 | Construir | Lumber Camp |
| 3:10 | Construir | Lumber Camp |
| 3:10 | Construir | Lumber Camp |
| 3:11 | Construir | Lumber Camp |
| 3:12 | Construir | Lumber Camp |
| 3:12 | Construir | Lumber Camp |
| 3:13 | Construir | Lumber Camp |
| 3:14 | Construir | Lumber Camp |
| 3:15 | Construir | Lumber Camp |
| 3:15 | Construir | Lumber Camp |
| 3:16 | Construir | Lumber Camp |
| 3:17 | Construir | Lumber Camp |
| 3:17 | Construir | Lumber Camp |
| 3:18 | Construir | Lumber Camp |
| 3:19 | Construir | Lumber Camp |
| 3:20 | Construir | Lumber Camp |
| 3:20 | Construir | Lumber Camp |
| 3:25 | Construir | Archery Range |
| 3:32 | Crear | Villager (Male) |
| 3:32 | Crear | Villager (Male) |
| 3:32 | Crear | Villager (Male) |
| 4:19 | Investigar | Elite Skirmisher (upgrade) |
| 5:13 | Crear | Villager (Male) |
| 5:13 | Crear | Villager (Male) |
| 5:14 | Crear | Villager (Male) |
| 5:51 | Construir | Lumber Camp |
| 7:15 | Crear | Villager (Male) |
| 7:16 | Crear | Villager (Male) |
| 7:16 | Crear | Villager (Male) |
| 7:53 | Construir | Farm |
| 7:59 | Construir | Farm |
| 8:04 | Construir | Farm |
| 8:31 | Construir | Farm |
| 8:42 | Construir | Castle |
| 8:50 | Construir | Castle |
| 8:53 | Construir | Castle |
| 8:54 | Construir | Castle |
| 9:04 | Crear | Villager (Male) |
| 9:04 | Crear | Villager (Male) |
| 9:04 | Crear | Villager (Male) |
| 9:55 | Construir | Farm |
| 10:06 | Construir | Farm |
| 10:07 | Construir | Farm |
| 10:09 | Construir | Farm |
| 10:19 | Construir | Mill |
| 10:23 | Construir | Farm |
| 10:30 | Construir | Farm |
| 10:40 | Construir | Farm |
| 10:43 | Construir | Farm |
| 10:45 | Construir | Farm |
| 10:47 | Construir | Farm |
| 10:48 | Construir | Farm |
| 10:56 | Crear | Villager (Male) |
| 10:56 | Crear | Villager (Male) |
| 10:57 | Crear | Villager (Male) |
| 10:57 | Crear | Villager (Male) |
| 10:57 | Crear | Villager (Male) |
| 10:57 | Crear | Villager (Male) |
| 11:25 | Construir | Farm |
| 11:52 | Construir | Castle |
| 11:54 | Construir | Castle |
| 11:55 | Construir | Castle |
| 11:57 | Construir | Castle |
| 11:57 | Construir | Castle |
| 11:59 | Construir | Castle |
| 12:11 | Construir | Farm |
| 12:16 | Construir | Farm |
| 12:19 | Crear | Villager (Male) |
| 12:20 | Crear | Villager (Male) |
| 12:20 | Crear | Villager (Male) |
| 12:48 | Investigar | Bow Saw |
| 12:51 | Construir | Farm |
| 13:15 | Construir | Castle |
| 13:17 | Construir | Castle |
| 13:25 | Construir | Farm |
| 13:33 | Construir | Farm |
| 15:28 | Construir | Castle |
| 15:29 | Construir | Castle |
| 17:57 | Construir | Castle |
| 19:39 | Construir | Castle |
| 19:43 | Construir | Castle |
| 19:49 | Construir | Castle |
| 19:51 | Construir | Castle |
| 21:24 | Construir | Mining Camp |
| 21:38 | Construir | Castle |
| 21:42 | Construir | Castle |
| 22:26 | Construir | Castle |
| 22:28 | Construir | Castle |
| 24:56 | Construir | Castle |
| 25:01 | Construir | Castle |
| 25:05 | Construir | Castle |
| 26:13 | Crear | Villager (Male) ×5 |
| 26:13 | Crear | Villager (Male) ×5 |
| 26:14 | Crear | Villager (Male) ×5 |
| 26:14 | Crear | Villager (Male) ×5 |
| 26:21 | Crear | Villager (Male) ×5 |
| 26:21 | Crear | Villager (Male) ×5 |
| 26:22 | Crear | Villager (Male) ×5 |
| 26:22 | Crear | Villager (Male) ×5 |
| 26:31 | Crear | Villager (Male) |
| 27:11 | Crear | Villager (Male) |
| 27:27 | Construir | Lumber Camp |
| 27:39 | Construir | Castle |
| 27:45 | Construir | Castle |
| 28:13 | Crear | Villager (Male) |
| 28:21 | Construir | Lumber Camp |
| 28:33 | Crear | Villager (Male) |
| 28:59 | Construir | Lumber Camp |
| 29:41 | Construir | Lumber Camp |
| 29:58 | Construir | Castle |
| 29:59 | Construir | Castle |
| 31:24 | Construir | Castle |
| 31:26 | Construir | Castle |
| 31:31 | Crear | Villager (Male) |
| 31:33 | Crear | Villager (Male) |
| 32:20 | Investigar | Heavy Plow |
| 32:38 | Crear | Villager (Male) |
| 33:18 | Construir | Castle |
| 33:23 | Construir | Castle |
| 33:24 | Construir | Castle |
| 33:40 | Construir | Castle |
| 33:48 | Construir | Castle |
| 34:23 | Investigar | Imperial Age |
| 35:28 | Investigar | Bloodlines |
| 35:32 | Investigar | Supremacy |
| 37:08 | Construir | Castle |
| 37:09 | Construir | Castle |
| 37:13 | Construir | Castle |
| 37:20 | Construir | Castle |
Build order — 阿罵比你卡勞~
Primeras 150 de 414 acciones detectadas
| 0:49 | Construir | Lumber Camp |
| 1:00 | Construir | Lumber Camp |
| 1:36 | Construir | Castle |
| 1:36 | Construir | Castle |
| 1:37 | Construir | Castle |
| 1:37 | Construir | Castle |
| 1:37 | Construir | Castle |
| 1:37 | Construir | Castle |
| 1:38 | Construir | Castle |
| 1:38 | Construir | Castle |
| 1:38 | Construir | Castle |
| 1:38 | Construir | Castle |
| 1:39 | Construir | Castle |
| 1:39 | Construir | Castle |
| 1:39 | Construir | Castle |
| 1:40 | Construir | Castle |
| 1:40 | Construir | Castle |
| 1:40 | Construir | Castle |
| 1:40 | Construir | Castle |
| 1:41 | Construir | Castle |
| 1:41 | Construir | Castle |
| 1:41 | Construir | Castle |
| 1:42 | Construir | Castle |
| 1:42 | Construir | Castle |
| 1:42 | Construir | Castle |
| 1:42 | Construir | Castle |
| 1:43 | Construir | Castle |
| 1:43 | Construir | Castle |
| 1:43 | Construir | Castle |
| 1:44 | Construir | Castle |
| 1:44 | Construir | Castle |
| 1:44 | Construir | Castle |
| 1:44 | Construir | Castle |
| 1:45 | Construir | Castle |
| 1:45 | Construir | Castle |
| 1:45 | Construir | Castle |
| 2:10 | Crear | Villager (Male) ×5 |
| 2:11 | Crear | Villager (Male) ×5 |
| 2:11 | Crear | Villager (Male) |
| 2:11 | Crear | Villager (Male) |
| 4:08 | Construir | Blacksmith |
| 4:12 | Construir | University |
| 4:22 | Construir | Castle |
| 5:03 | Investigar | Chain Barding Armor |
| 5:18 | Crear | Villager (Male) |
| 5:37 | Investigar | Murder Holes |
| 5:38 | Investigar | Ballistics |
| 6:08 | Construir | Stable |
| 6:08 | Construir | Stable |
| 6:09 | Construir | Stable |
| 6:09 | Construir | Stable |
| 6:09 | Construir | Stable |
| 6:09 | Construir | Stable |
| 6:10 | Construir | Stable |
| 6:10 | Construir | Stable |
| 6:10 | Construir | Stable |
| 6:10 | Construir | Stable |
| 6:11 | Construir | Stable |
| 6:11 | Construir | Stable |
| 6:11 | Construir | Stable |
| 6:19 | Crear | Villager (Male) |
| 6:19 | Crear | Villager (Male) |
| 6:19 | Crear | Villager (Male) |
| 6:29 | Investigar | Iron Casting |
| 7:14 | Construir | Mill |
| 7:14 | Construir | Mill |
| 7:14 | Construir | Mill |
| 7:15 | Construir | Mill |
| 7:15 | Construir | Mill |
| 7:15 | Construir | Mill |
| 7:16 | Construir | Mill |
| 7:16 | Construir | Mill |
| 7:16 | Construir | Mill |
| 7:16 | Construir | Mill |
| 7:17 | Construir | Mill |
| 7:17 | Construir | Mill |
| 7:17 | Construir | Mill |
| 7:18 | Construir | Mill |
| 7:18 | Construir | Mill |
| 7:18 | Construir | Mill |
| 7:19 | Construir | Mill |
| 8:16 | Construir | Building 190 |
| 9:28 | Investigar | Heated Shot |
| 9:49 | Construir | Mining Camp |
| 10:14 | Construir | Castle |
| 10:14 | Construir | Castle |
| 10:14 | Construir | Castle |
| 10:15 | Construir | Castle |
| 10:15 | Construir | Castle |
| 10:15 | Construir | Castle |
| 10:15 | Construir | Castle |
| 10:16 | Construir | Castle |
| 10:16 | Construir | Castle |
| 10:16 | Construir | Castle |
| 10:17 | Construir | Castle |
| 10:17 | Construir | Castle |
| 10:17 | Construir | Castle |
| 10:17 | Construir | Castle |
| 10:18 | Construir | Castle |
| 10:18 | Construir | Castle |
| 10:18 | Construir | Castle |
| 10:19 | Construir | Castle |
| 10:19 | Construir | Castle |
| 10:19 | Construir | Castle |
| 10:34 | Construir | Mill |
| 10:34 | Construir | Mill |
| 10:34 | Construir | Mill |
| 10:34 | Construir | Mill |
| 10:35 | Construir | Mill |
| 10:35 | Construir | Mill |
| 10:35 | Construir | Mill |
| 11:04 | Construir | Farm |
| 11:20 | Investigar | Husbandry |
| 12:01 | Construir | Mining Camp |
| 12:07 | Investigar | Light Cavalry (upgrade) |
| 12:13 | Investigar | Heavy Plow |
| 12:45 | Construir | Stable |
| 12:45 | Construir | Stable |
| 12:46 | Construir | Stable |
| 12:46 | Construir | Stable |
| 12:46 | Construir | Stable |
| 12:46 | Construir | Stable |
| 12:47 | Construir | Stable |
| 12:47 | Construir | Stable |
| 12:47 | Construir | Stable |
| 12:47 | Construir | Stable |
| 12:48 | Construir | Stable |
| 12:48 | Construir | Stable |
| 12:48 | Construir | Stable |
| 12:49 | Construir | Stable |
| 12:49 | Construir | Stable |
| 12:49 | Construir | Stable |
| 12:49 | Construir | Stable |
| 12:50 | Construir | Stable |
| 12:50 | Construir | Stable |
| 12:50 | Construir | Stable |
| 12:51 | Construir | Stable |
| 12:51 | Construir | Stable |
| 12:51 | Construir | Stable |
| 12:51 | Construir | Stable |
| 12:52 | Construir | Stable |
| 12:52 | Construir | Stable |
| 12:52 | Construir | Stable |
| 12:53 | Construir | Stable |
| 12:53 | Construir | Stable |
| 12:53 | Construir | Stable |
| 12:53 | Construir | Stable |
| 13:22 | Construir | Mill |
| 14:49 | Construir | Mill |
| 14:49 | Construir | Mill |
Build order — 我是萌新
Primeras 150 de 489 acciones detectadas
| 0:59 | Construir | Castle |
| 1:03 | Construir | Castle |
| 1:05 | Construir | Castle |
| 1:08 | Construir | Castle |
| 1:08 | Construir | Castle |
| 1:09 | Construir | Castle |
| 1:10 | Construir | Castle |
| 1:11 | Construir | Castle |
| 1:12 | Construir | Castle |
| 1:15 | Crear | Villager (Male) |
| 1:15 | Crear | Villager (Male) |
| 1:15 | Crear | Villager (Male) |
| 1:15 | Crear | Villager (Male) |
| 1:16 | Crear | Villager (Male) |
| 1:59 | Construir | Castle |
| 2:00 | Construir | Castle |
| 2:03 | Construir | Castle |
| 2:05 | Construir | Castle |
| 2:06 | Construir | Castle |
| 2:07 | Construir | Castle |
| 2:08 | Construir | Castle |
| 2:09 | Construir | Castle |
| 2:09 | Construir | Castle |
| 2:10 | Construir | Castle |
| 2:14 | Crear | Villager (Male) |
| 2:20 | Crear | Villager (Male) |
| 2:20 | Crear | Villager (Male) |
| 2:20 | Crear | Villager (Male) |
| 3:54 | Crear | Villager (Male) |
| 3:54 | Crear | Villager (Male) |
| 4:21 | Construir | Blacksmith |
| 4:34 | Construir | Mill |
| 4:58 | Investigar | Bodkin Arrow |
| 4:58 | Investigar | Bodkin Arrow |
| 5:13 | Crear | Villager (Male) |
| 5:13 | Crear | Villager (Male) |
| 5:13 | Crear | Villager (Male) |
| 5:57 | Construir | Lumber Camp |
| 6:09 | Crear | Villager (Male) |
| 6:10 | Crear | Villager (Male) |
| 6:20 | Construir | Castle |
| 6:21 | Construir | Castle |
| 6:35 | Construir | Castle |
| 6:36 | Construir | Castle |
| 6:48 | Investigar | Bow Saw |
| 6:48 | Investigar | Bow Saw |
| 7:48 | Crear | Villager (Male) |
| 8:00 | Construir | Lumber Camp |
| 8:10 | Construir | Castle |
| 8:11 | Construir | Castle |
| 8:16 | Construir | Castle |
| 8:17 | Construir | Castle |
| 8:55 | Crear | Villager (Male) |
| 8:56 | Crear | Villager (Male) |
| 9:05 | Construir | Castle |
| 9:07 | Construir | Castle |
| 9:42 | Construir | Lumber Camp |
| 9:47 | Construir | Lumber Camp |
| 10:19 | Construir | Building 685 |
| 10:22 | Construir | Building 685 |
| 10:31 | Investigar | Squires |
| 10:31 | Investigar | Squires |
| 10:31 | Investigar | Squires |
| 10:33 | Investigar | Hand Cart |
| 10:33 | Investigar | Hand Cart |
| 10:34 | Investigar | Hand Cart |
| 10:37 | Construir | Castle |
| 10:38 | Construir | Castle |
| 11:03 | Construir | Castle |
| 11:19 | Crear | Villager (Male) |
| 11:34 | Construir | Mill |
| 11:57 | Construir | Farm |
| 12:01 | Construir | Farm |
| 12:06 | Construir | Farm |
| 12:08 | Construir | Farm |
| 12:10 | Construir | Farm |
| 12:12 | Construir | Farm |
| 12:13 | Construir | Farm |
| 12:18 | Construir | Farm |
| 12:28 | Construir | Building 685 |
| 12:29 | Construir | Building 685 |
| 12:36 | Construir | Castle |
| 13:23 | Construir | Mill |
| 13:36 | Construir | Mill |
| 13:50 | Construir | Mill |
| 13:54 | Crear | Villager (Male) |
| 13:59 | Construir | Farm |
| 14:00 | Construir | Farm |
| 14:10 | Construir | Building 685 |
| 14:11 | Construir | Building 685 |
| 14:12 | Construir | Building 685 |
| 14:22 | Construir | Building 685 |
| 14:48 | Investigar | Chain Mail Armor |
| 14:48 | Investigar | Chain Mail Armor |
| 15:13 | Construir | Farm |
| 15:15 | Construir | Farm |
| 15:22 | Construir | Farm |
| 15:29 | Investigar | Heavy Plow |
| 15:29 | Investigar | Heavy Plow |
| 16:05 | Construir | Castle |
| 16:06 | Construir | Castle |
| 16:20 | Construir | Farm |
| 16:21 | Construir | Farm |
| 16:23 | Construir | Farm |
| 16:24 | Crear | Villager (Male) |
| 16:24 | Crear | Villager (Male) |
| 16:24 | Crear | Villager (Male) |
| 17:41 | Investigar | Iron Casting |
| 17:41 | Investigar | Iron Casting |
| 18:20 | Crear | Villager (Male) |
| 18:20 | Crear | Villager (Male) |
| 18:36 | Construir | Castle |
| 18:37 | Construir | Castle |
| 18:58 | Construir | Dock |
| 19:10 | Crear | Villager (Male) |
| 19:10 | Crear | Villager (Male) |
| 19:10 | Crear | Villager (Male) |
| 19:26 | Construir | Building 685 |
| 19:27 | Construir | Building 685 |
| 19:28 | Construir | Building 685 |
| 19:56 | Crear | Fishing Ship |
| 19:57 | Crear | Fishing Ship |
| 20:11 | Construir | Dock |
| 20:18 | Crear | Villager (Male) |
| 20:26 | Construir | Mining Camp |
| 20:41 | Construir | Mining Camp |
| 20:47 | Construir | Fish Trap |
| 20:51 | Crear | Fishing Ship |
| 20:53 | Crear | Fishing Ship |
| 20:56 | Crear | Villager (Male) |
| 21:13 | Crear | Villager (Male) |
| 21:13 | Crear | Villager (Male) |
| 21:28 | Investigar | Gold Shaft Mining |
| 21:51 | Construir | Castle |
| 21:53 | Construir | Castle |
| 22:02 | Construir | Fish Trap |
| 22:04 | Construir | Fish Trap |
| 22:06 | Crear | Fishing Ship |
| 22:06 | Crear | Fishing Ship |
| 22:08 | Investigar | Gillnets |
| 22:19 | Construir | Lumber Camp |
| 22:23 | Crear | Villager (Male) |
| 22:23 | Crear | Villager (Male) |
| 22:34 | Crear | Villager (Male) |
| 22:43 | Construir | University |
| 23:15 | Construir | Castle |
| 23:34 | Construir | Fish Trap |
| 23:48 | Crear | Villager (Male) |
| 23:48 | Crear | Villager (Male) |
| 23:55 | Construir | Lumber Camp |
Cronología de la partida
| 0:33 | AncientLocky · first_building Castle |
| 0:41 | 啥也不是 · first_building Castle |
| 0:50 | AncientLocky · first_building Barracks |
| 0:57 | ArfGran · first_building Barracks |
| 0:59 | 我是萌新 · first_building Castle |
| 1:13 | ArfGran · first_building Siege Workshop |
| 1:22 | GDPEPCPMXIST · first_building Castle |
| 1:24 | Gustavo Fring · first_building Barracks |
| 1:36 | 阿罵比你卡勞~ · first_building Castle |
| 2:13 | 啥也不是 · first_building Barracks |
| 3:05 | ArfGran · first_building Castle |
| 3:25 | Gustavo Fring · first_building Archery Range |
| 6:08 | 阿罵比你卡勞~ · first_building Stable |
| 6:13 | 啥也不是 · first_building Archery Range |
| 8:42 | Gustavo Fring · first_building Castle |
| 8:53 | ArfGran · first_building Stable |
| 11:36 | AncientLocky · first_building Dock |
| 14:08 | ArfGran · first_building Archery Range |
| 16:36 | GDPEPCPMXIST · first_building Monastery |
| 18:58 | 我是萌新 · first_building Dock |
| 19:00 | notfound · first_building Castle |
| 23:53 | GDPEPCPMXIST · first_building Dock |
| 26:05 | 阿罵比你卡勞~ · first_building Dock |
| 26:43 | AncientLocky · first_building Siege Workshop |
| 28:48 | AncientLocky · age_up feudal |
| 30:07 | 啥也不是 · first_building Dock |
| 31:27 | notfound · first_building Siege Workshop |
| 31:28 | ArfGran · first_building Dock |
| 31:48 | notfound · age_up feudal |
| 34:17 | ArfGran · age_up feudal |
| 37:33 | Gustavo Fring · age_up feudal |
| 38:41 | 我是萌新 · age_up feudal |
| 39:32 | 阿罵比你卡勞~ · age_up feudal |
| 39:52 | Gustavo Fring · first_building Dock |
| 49:58 | 啥也不是 · age_up feudal |
[ ANÁLISIS IA · 1 CRÉDITO ]
¿Qué pasó realmente en esta partida?
Wolo.gg analiza cada decisión: build order, eco, micro, errores típicos por bracket. Análisis personalizado por WhatsApp o Discord en 30 segundos.
Guía civ
Polacos
Perfil
Jugador #19258318